 Dungeon Crawl Stone Soup version 0.29.0-10-g45618ea6d2 (webtiles) character file.

Game seed: 4924349241593869266

884 SensoryNuts the Chopper (level 7, -3/82 HPs)
             Began as a Demonspawn Fighter on Sept 2, 2022.
             Slain by Sigmund
             ... wielding a +0 scythe of venom
              (5 damage)
             ... on level 5 of the Dungeon.
             The game lasted 00:07:54 (5516 turns).

SensoryNuts the Chopper (Demonspawn Fighter)        Turns: 5516, Time: 00:07:56

Health: -3/82      AC: 23    Str: 19    XL:     7   Next: 76%
Magic:  7/7        EV:  2    Int:  9    God:
Gold:   108        SH:  4    Dex: 12    Spells: 6/6 levels left

rFire   . . .      SeeInvis .   a - +1 war axe
rCold   . . .      Faith    .   c - +0 buckler
rNeg    . . .      Spirit   .   (body armour currently unavailable)
rPois   +          Reflect  .   (helmet currently unavailable)
rElec   .          Harm     .   (cloak currently unavailable)
rCorr   .          Rampage  .   (gloves currently unavailable)
Will    .....      NoTele   +   (boots currently unavailable)
Stlth   +.........              (no amulet)
HPRegen 0.23/turn               (no ring)
MPRegen 0.10/turn               (no ring)

@: lethally poisoned (-3 -> -6), tree-form
A: stationary, stasis, torment immunity, boosted hp, foul stench 2
a: no special abilities


You were on level 5 of the Dungeon.
You were a tree.
You visited 2 branches of the dungeon, and saw 6 of its levels.

You collected 108 gold pieces.

Inventory:

Hand Weapons
 a - a +1 war axe (weapon)
Armour
 c - a +0 buckler (worn)
 k - a +1 plate armour (melded)
 l - a +0 pair of gloves (melded)
Jewellery
 f - the ring "Nuylug" {rPois rC+ Dex+2}
   (You found it on level 5 of the Dungeon)

   [ring of protection from cold]

   Dex:       It affects your dexterity (+2).
   rC:        It protects you from cold.
   rPois:     It protects you from poison.
 p - a +4 ring of protection
Scrolls
 b - 2 scrolls of noise
 o - a scroll of teleportation
 q - a scroll of blinking {unknown}
 s - a scroll of identify
Potions
 g - 3 potions of magic
 h - a potion of resistance
 j - a potion of mutation
 m - a potion of degeneration {unknown}
 n - a potion of attraction {unknown}
 r - a potion of berserk rage {unknown}
 t - a potion of flight {unknown}


   Skills:
 + Level 4.3 Fighting
 * Level 6.1 Axes
 + Level 4.4 Armour
 + Level 0.8 Dodging
 + Level 0.3 Stealth
 + Level 3.6 Shields


You had 6 spell levels left.
You didn't know any spells.
Your spell library contained the following spells:

 Spells                   Type           Power      Damage    Failure   Level
 Poisonous Vapours        Pois/Air       0%         N/A       63%         2
 Conjure Flame            Conj/Fire      0%         6-21      85%         3
 Ignite Poison            Fire/Tmut/Pois 0%         N/A       85%         3
 Corpse Rot               Necr/Pois/Air  0%         N/A       99%         4
 Sticky Flame             Conj/Fire      0%         2d3       99%         4


Dungeon Overview and Level Annotations

Branches:
Dungeon (5/15)             Temple (1/1) D:4

Altars:
Cheibriados
Fedhas
Gozag
Makhleb
Qazlal
Sif Muna
Uskayaw
Wu Jian
Xom
Yredelemnul
Lugonu

Shops:
D:1 :   D:3 *[?(

Annotations:
D:2 1 runed translucent door, Crazy Yiuf
D:5 Grinder, Sigmund


Innate Abilities, Weirdness & Mutations

You are a tree.
Your roots penetrate the ground, keeping you stationary.
You cannot be teleported.
You are immune to unholy pain and torment.
Your maximum health is greatly increased.
Your equipment is partially melded.
You sometimes emit foul miasma when damaged in melee.


Message History

You are more poisoned.
You barely miss Edmund.
Edmund is moderately wounded.
You feel very sick.
Edmund looks more healthy.
Edmund is engulfed in dark miasma.
Edmund is poisoned.
Edmund seems to slow down.
Edmund hits you but does no damage.
You hit Edmund.
Edmund is heavily wounded.
You feel very sick. Something hits you!
* * * LOW HITPOINT WARNING * * *
Edmund is engulfed in dark miasma.
Edmund looks even sicker.
Edmund barely misses you.
Okay, then.
You feel better. Something hits you but does no damage.
You are poisoned.
Edmund is engulfed in dark miasma.
Edmund looks even sicker.
Edmund barely misses you.
You hit Edmund but do no damage.
Edmund is almost dead.
You feel very sick.
Edmund is engulfed in dark miasma.
Edmund looks as sick as possible!
Edmund gestures with his flail.
Edmund hits you with a +2 dire flail of protection!
* * * LOW HITPOINT WARNING * * *
Something hits you but does no damage.
You slash Edmund!
You kill Edmund!
* * * LOW HITPOINT WARNING * * *
You feel sick.
Your Axes skill increases to level 6!
Unknown command.
It was a potion of lignification.
You turn into a tree.
Your +0 pair of gloves melds into your body.
Your +1 plate armour melds into your body.
Your roots penetrate the ground.
* * * LOW HITPOINT WARNING * * *
You feel sick. Something hits you.
You die...

... ... #'#
###.## ....#
##..# ##...##
#....w#####.#
#...s{)♣....#
#.###.#..########
......#..#
#s.......#
#######.## #.#
##########.#
###..........#
..#.##...##..#


You could see a worm and a scorpion.

Vanquished Creatures
  Prince Ribbit (D:5)
  Edmund (D:5)
  Blork the orc (D:4)
  2 necrophages (D:5)
  A howler monkey (D:4)
  A hound (D:4)
  A jelly (D:5)
  Natasha (thrice) (D:2)
  An orc wizard (D:3)
  6 gnolls
  3 adders
  2 ufetubi
  2 worms
  4 dart slugs
  6 orcs
  2 ball pythons
  4 bats
  4 endoplasms
  5 giant cockroaches
  10 goblins
  8 hobgoblins
  5 jackals
  7 kobolds
  2 quokkas (D:1)
  6 frilled lizards
  3 rats
91 creatures vanquished.

Notes
Turn   | Place    | Note
-------+----------+-------------------------------------------
     0 | D:1      | SensoryNuts the Demonspawn Fighter began the quest for the
                  | Orb.
     0 | D:1      | Reached XP level 1. HP: 18/18 MP: 1/1
   275 | D:1      | Gained mutation: You may rarely emit foul miasma when
                  | damaged in melee. [demonic ancestry]
   275 | D:1      | Reached XP level 2. HP: 23/24 MP: 2/2
   336 | D:1      | Reached skill level 2 in Axes
   624 | D:1      | Found Ruhubri's Book Shop.
   701 | D:1      | Reached XP level 3. HP: 29/29 MP: 3/3
   813 | D:1      | Found a faded altar of an unknown god.
  1208 | D:2      | Noticed Natasha
  1227 | D:2      | Killed Natasha
  1513 | D:2      | Noticed Natasha
  1522 | D:2      | Killed Natasha
  1523 | D:2      | Gained mutation: You sometimes emit foul miasma when
                  | damaged in melee. [demonic ancestry]
  1523 | D:2      | Reached XP level 4. HP: 33/35 MP: 4/4
  1550 | D:2      | Reached skill level 3 in Axes
  1691 | D:2      | Found a runed translucent door.
  1692 | D:2      | Noticed Crazy Yiuf
  1732 | D:2      | Noticed Natasha
  1741 | D:2      | Killed Natasha
  2205 | D:3      | Found Ruskam's Magic Scroll Shoppe.
  2258 | D:3      | Found Widuqiv's Antique Weapon Boutique.
  2388 | D:3      | Reached XP level 5. HP: 38/41 MP: 5/5
  2447 | D:3      | Found a hide-covered altar of Uskayaw.
  2482 | D:3      | Found Xarph's Antique Armour Boutique.
  2611 | D:3      | Found a snail-covered altar of Cheibriados.
  2774 | D:3      | Found Riff's Assorted Antiques.
  2812 | D:3      | Reached skill level 4 in Axes
  3216 | D:3      | Found Okuf's Armour Boutique.
  3407 | D:4      | Noticed Blork the orc
  3426 | D:4      | Killed Blork the orc
  3427 | D:4      | Reached XP level 6. HP: 48/48 MP: 6/6
  3563 | D:4      | Found a staircase to the Ecumenical Temple.
  3609 | D:4      | Found an opulent altar of Gozag.
  4156 | D:4      | Found a stormy altar of Qazlal.
  4222 | Temple   | Entered the Ecumenical Temple
  4298 | D:5      | Entered Level 5 of the Dungeon
  4350 | D:5      | Reached skill level 5 in Axes
  4350 | D:5      | Reached XP level 7. HP: 54/54 MP: 7/7
  4352 | D:5      | Noticed Grinder
  4352 | D:5      | Noticed Prince Ribbit
  4368 | D:5      | Noticed Edmund
  4373 | D:5      | Killed Prince Ribbit
  4729 | D:5      | Identified the ring "Nuylug" {rPois rC+ Dex+2}
  4867 | D:5      | Paralysed by Grinder for 4 turns
  4873 | D:5      | Paralysed by Grinder for 2 turns
  5496 | D:5      | Noticed Sigmund
  5514 | D:5      | HP: 2/54 [Edmund/+2 dire flail of protection (9)]
  5515 | D:5      | Killed Edmund
  5516 | D:5      | Reached skill level 6 in Axes
  5516 | D:5      | Slain by Sigmund

Illustrated notes

Levels and vault maps discovered:
D:1:      dpeg_arrival_rhombus, layout_loops_ring,
          chequers_ecumenical_altar_grove, serial_shops, shop
D:2:      layout_basic, uniq_natasha, uniq_crazy_yiuf_cottage
D:3:      layout_loops_cross, old_standard_altar, cheibrodos_worm_habitat,
          serial_shops, nicolae_lakefront_shop, nicolae_lakefront_shop,
          nicolae_shop_crystal, shop, shop_fountains
D:4:      layout_loops_ring, mainiacjoe_overflow_two_lobes, kennysheep_mini,
          mainiacjoe_overflow_24_doors, minmay_temple_entry_glassed_door,
          uniq_blork_the_orc
D:5:      layout_loops_corners, uniq_prince_ribbit1, uniq_grinder, uniq_sigmund,
          uniq_edmund
Temple:   corrupted_temple

Skill      XL: |  1  2  3  4  5  6  7 |
---------------+----------------------+-----
Axes           | 2 3 4 5 6 |  6.1
Armour         | 3 4 |  4.4
Shields        | 3 |  3.6
Fighting       | 4 |  4.3
Dodging        | |  0.8
Stealth        | |  0.3

Action                   |  1- 3 |  4- 6 |  7- 9 || total
-------------------------+-------+-------+-------++-------
Melee: War axe           |   100 |   157 |    66 ||   323
  Use: Scroll            |     2 |     9 |     2 ||    13
       Potion            |     1 |     2 |     4 ||     7
Armor: Scale mail        |    39 |       |       ||    39
       Plate armour      |    32 |   115 |    37 ||   184
Dodge: Dodged            |    37 |    45 |    11 ||    93
Block: Buckler           |    25 |    46 |     8 ||    79
